 Dungeon Crawl Stone Soup version 0.27-a0-328-g7f782ed93a (webtiles) character file.

Game seed: 14282480158612898181

4 hehateme the Skirmisher (level 1, -2/20 HPs)
             Began as a Minotaur Monk on Feb 11, 2021.
             Slain by a jackal (3 damage)
             ... on level 1 of the Dungeon.
             The game lasted 00:00:55 (87 turns).

hehateme the Skirmisher (Minotaur Monk)               Turns: 87, Time: 00:00:56

Health: -2/20      AC:  2    Str: 15    XL:     1   Next: 58%
Magic:  0/0        EV: 13    Int:  7    God:
Gold:   0          SH:  0    Dex: 12    Spells: 0/0 levels left

rFire    . . .     SeeInvis .     - Unarmed
rCold    . . .     Faith    .   (no shield)
rNeg     . . .     Spirit   .   a - +0 robe
rPois    .         Reflect  .   (helmet restricted)
rElec    .         Harm     .   (no cloak)
rCorr    .         Rampage  .   (no gloves)
Will     .....                  (no boots)
Stlth    ++........             (no amulet)
HPRegen  0.06/turn              (no ring)
MPRegen  0.07/turn              (no ring)

@: brilliant
A: retaliatory headbutt, horns 2
a: no special abilities


You were on level 1 of the Dungeon.
You visited 1 branch of the dungeon, and saw 1 of its levels.

Inventory:

Missiles
 Q - 22 arrows
Armour
 a - a +0 robe (worn)
Potions
 b - a potion of brilliance


   Skills:
 + Level 3.7 Fighting
 - Level 3.2 Dodging
 - Level 1.5 Stealth
 * Level 3.5 Unarmed Combat


You couldn't memorise any spells.
You didn't know any spells.
Your spell library was empty.

Dungeon Overview and Level Annotations

Branches:
Dungeon (1/15)

Altars:


Innate Abilities, Weirdness & Mutations

You reflexively headbutt those who attack you in melee.
You have a pair of horns on your head.


Message History

You don't know any spells.
You hit the jackal but do no damage. The jackal bites you.
* * * LOW HITPOINT WARNING * * *
You take 2 damage, and have 8/19 hp.
You closely miss the jackal. The jackal bites you.
* * * LOW HITPOINT WARNING * * *
You take 1 damage, and have 7/19 hp.
You barely miss the jackal. The jackal closely misses you.
The jackal misses you. You furiously retaliate!
You headbutt the jackal.
You kill the jackal!
You start resting.
A jackal comes into view.
Unknown command.
The jackal barks!
You hear a bark!
A jackal comes into view.
The jackal bites you.
* * * LOW HITPOINT WARNING * * *
You take 1 damage, and have 7/20 hp.
You barely miss the jackal. You hit the jackal.
The jackal completely misses you.
A jackal comes into view.
You hit the jackal. The jackal bites you.
* * * LOW HITPOINT WARNING * * *
The jackal bites you.
* * * LOW HITPOINT WARNING * * *
You take 6 damage, and have 1/20 hp.
GAME OVER YEAH!!
It was a potion of brilliance.
You feel clever all of a sudden. The jackal misses you.
You furiously retaliate!
You headbutt the jackal!
You kill the jackal!
You punch the jackal!
You kill the jackal!
You hit the jackal. The jackal closely misses you. You furiously retaliate!
You headbutt the jackal, but do no damage.
You hit the jackal but do no damage. The jackal closely misses you.
You barely miss the jackal. The jackal barely misses you.
The jackal bites you but does no damage.
You closely miss the jackal. The jackal bites you.
You die...

#................
#####.########.##
#..# #...
##.###.# #.....##
#......# ##.)...#
##....# #.#@##
#.#h# #.#.# #....
....# ##..# #..#
#..#

Notes
Turn   | Place    | Note
-------+----------+-------------------------------------------
     0 | D:1      | hehateme the Minotaur Monk began the quest for the Orb.
     0 | D:1      | Reached XP level 1. HP: 19/19 MP: 0/0
    81 | D:1      | HP: 4/20 [jackal (3)]
    81 | D:1      | HP: 1/20 [jackal (3)]
    87 | D:1      | Slain by a jackal

Table legend: (Time is in decaauts)
 A = Elapsed time spent in this place.
 B = Non-inter-level travel time spent in this place.
 C = Inter-level travel time spent in this place.
 D = Time resting spent in this place.
 E = Time spent auto-exploring this place.
 F = Levels seen in this place.
 G = Mean time per level.
                   A        B        C        D        E       F      G
               +--------+--------+--------+--------+--------+-----+--------+
         Total |     86 |     86 |      0 |      8 |     54 |   1 |   86.0 |
       Dungeon |     86 |     86 |      0 |      8 |     54 |   1 |   86.0 |
               +--------+--------+--------+--------+--------+-----+--------+

Top non-repeatable levels by time:
     D:1: 86 daAuts

Table legend:
 A = Kills in this place as a percentage of kills in entire the game.
 B = Kills by you in this place as a percentage of kills by you in the entire game.
 C = Kills by friends in this place as a percentage of kills by friends in the entire game.
 D = Other kills in this place as a percentage of other kills in the entire game.
 E = Experience gained in this place as a percentage of experience gained in the entire game.
 F = Experience gained in this place divided by the number of levels of this place that you have seen.
                   A       B       C       D       E      F
               +-------+-------+-------+-------+-------+----------------------
         Total | 100.0 | 100.0 |   N/A |   N/A | 100.0 |   7.0
       Dungeon | 100.0 | 100.0 |   N/A |   N/A | 100.0 |   7.0
               +-------+-------+-------+-------+-------+----------------------

Action                   || total
-------------------------++-------
Melee: Unarmed           ||    14
  Use: Potion            ||     1
Armor: Robe              ||     2
Dodge: Dodged            ||     9

Vanquished Creatures
  3 jackals (D:1)
  A kobold (D:1)
4 creatures vanquished. You could see a jackal.

Levels and vault maps discovered:
D:1:      matt_arrival_refuge, layout_loops_ring, st_stairs_7
